 Dungeon Crawl Stone Soup version 0.19.4-8-ga85b6b9 (webtiles) character file.

127 vatarom the Covered (level 4, 0/35 HPs)
             Began as a Demonspawn Gladiator on Feb 12, 2017.
             Slain by dngmouse's ghost (9 damage)
             ... on level 3 of the Dungeon.
             The game lasted 00:04:05 (2559 turns).

vatarom the Covered (Demonspawn Gladiator)          Turns: 2559, Time: 00:04:05

Health: 0/35       AC:  5    Str: 15    XL:     4   Next: 85%
Magic:  4/4        EV: 13    Int:  9    God:
Gold:   90         SH:  0    Dex: 15    Spells: 0 memorised, 3 levels left

rFire  + . .     SeeInvis .     a - +0 quarterstaff
rCold  + . .     Gourm    .     b - +0 leather armour
rNeg   . . .     Faith    .     (shield currently unavailable)
rPois  +         Spirit   .     c - +1 helmet
rElec  +         Reflect  .     (no cloak)
rCorr  +         Harm     .     (no gloves)
MR     .....                    (no boots)
Stlth  +.........               (no amulet)
                                (no ring)
                                (no ring)

@: resistant
A: talons 2
a: no special abilities


You were on level 3 of the Dungeon.
You were full.

You visited 1 branch of the dungeon, and saw 3 of its levels.

You collected 90 gold pieces.

Inventory:

Hand Weapons
 a - a +0 quarterstaff (weapon)
Missiles
 d - a throwing net (quivered)
Armour
 b - a +0 leather armour (worn)
 c - a +1 helmet (worn)
 j - a +0 ring mail
Scrolls
 g - 2 scrolls of remove curse
Comestibles
 f - a slice of pizza
 h - 3 chunks of flesh


   Skills:
 + Level 3.1 Fighting
 - Level 2.6 Staves
 - Level 1.7 Throwing
 - Level 3.4 Armour
 - Level 2.6 Dodging


You had 3 spell levels left.
You didn't know any spells.

Dungeon Overview and Level Annotations

Branches:
Dungeon (3/15)

Altars:
Ashenzari
Ru
Sif Muna
Xom
Yredelemnul

Annotations:
D:3 dngmouse's ghost, amateur MiTm


Innate Abilities, Weirdness & Mutations

You have razor-sharp toenails.


Message History

You barely miss dngmouse's ghost. Your kick misses dngmouse's ghost.
Dngmouse's ghost is moderately damaged.
Dngmouse's ghost hits you but does no damage.
Dngmouse's ghost barely misses you.
You closely miss dngmouse's ghost.
Dngmouse's ghost is moderately damaged.
Dngmouse's ghost hits you!
You miss dngmouse's ghost.
You claw dngmouse's ghost, but do no damage.
Dngmouse's ghost is moderately damaged.
Dngmouse's ghost hits you.
You miss dngmouse's ghost.
You claw dngmouse's ghost, but do no damage.
Dngmouse's ghost is moderately damaged.
Dngmouse's ghost hits you.
* * * LOW HITPOINT WARNING * * *
It was a potion of resistance.
You feel protected. Dngmouse's ghost hits you!
You die...

#...............
#.#.#.######........
......# #.......) #.#...#
#.......# #.#...#
#.......# #.#...#
#.......# #.#.#.##
#.......#
##.#.#.#.#..#####.......#
(.....wW@.....^..........
####.#.#.#..#.#####.#####
#.#.#....# #.# #.#.#.#..#
.# #.#........ ..
#.#####.#### # #. ... ..
.#.


You could see dngmouse's ghost and a dart slug.

Vanquished Creatures
  Robin (D:2)
  4 adders (D:2)
  3 worms
  7 dart slugs
  3 leopard geckos
  2 ball pythons
  4 bats (D:1)
  2 giant cockroaches
  8 goblins
  5 hobgoblins
  2 jackals (D:1)
  6 kobolds
  3 frilled lizards
  4 rats
54 creatures vanquished.

Notes
Turn   | Place    | Note
-------+----------+-------------------------------------------
     0 | D:1      | vatarom the Demonspawn Gladiator began the quest for the Orb.
     0 | D:1      | Reached XP level 1. HP: 16/16 MP: 1/1
   239 | D:1      | Reached skill level 1 in Armour
   254 | D:1      | Gained mutation: You have sharp toenails. [demonic ancestry]
   254 | D:1      | Reached XP level 2. HP: 16/22 MP: 2/2
  1085 | D:1      | Gained mutation: You have razor-sharp toenails. [demonic ancestry]
  1085 | D:1      | Reached XP level 3. HP: 20/27 MP: 3/3
  1227 | D:2      | Found a deep blue altar of Sif Muna.
  1255 | D:2      | Found a basalt altar of Yredelemnul.
  1255 | D:2      | Found a shimmering altar of Xom.
  1604 | D:2      | Found a shattered altar of Ashenzari.
  1687 | D:2      | Reached XP level 4. HP: 33/33 MP: 4/4
  1706 | D:2      | Noticed Robin
  1754 | D:2      | Killed Robin
  2118 | D:2      | Found a sacrificial altar of Ru.
  2540 | D:3      | Noticed dngmouse's ghost (amateur MiTm)
  2559 | D:3      | Slain by dngmouse's ghost

Skill      XL: |  1  2  3  4 |
---------------+-------------+-----
Armour         | 1 2 3 |  3.4
Fighting       | 3 |  3.1
Staves         | |  2.6
Throwing       | |  1.7
Dodging        | |  2.6

Action                   |  1- 3 |  4- 6 || total
-------------------------+-------+-------++-------
Melee: Quarterstaff      |   111 |    78 ||   189
       Kick              |    20 |    23 ||    43
       Unarmed           |     4 |       ||     4
Throw: Throwing net      |       |     2 ||     2
  Use: Scroll            |     3 |     1 ||     4
       Potion            |       |     2 ||     2
 Stab: Sleeping          |     2 |       ||     2
  Eat: Bread ration      |     1 |       ||     1
       Meat ration       |       |     1 ||     1
Armor: Leather armour    |    34 |    20 ||    54
Dodge: Dodged            |    75 |    39 ||   114
